 Dungeon Crawl Stone Soup version 0.30-a0-743-gbfdf073431 (webtiles) character file.

Game seed: 861529511497894528

351 xian the Shooter (level 6, -8/47 HPs)
             Began as a Demonspawn Hunter on Feb 7, 2023.
             Mangled by an orc warrior
             ... wielding a +0 dire flail
              (17 damage)
             ... on level 4 of the Dungeon.
             The game lasted 00:06:43 (3571 turns).

xian the Shooter (Demonspawn Hunter)                Turns: 3571, Time: 00:06:43

Health: -8/47      AC:  4    Str: 13    XL:     6   Next: 34%
Magic:  6/6        EV: 12    Int: 11    God:
Gold:   172        SH:  0    Dex: 22    Spells: 5/5 levels left

rFire   . . .      SeeInvis .    a - +0 shortbow
rCold   . . .      Faith    .    (shield currently unavailable)
rNeg    . . .      Spirit   .    c - +0 leather armour
rPois   .          Reflect  .    t - +0 helmet
rElec   .          Harm     .    z - scarf {repulsion}
rCorr   .          Rampage  .    (no gloves)
Will    .....                    (no boots)
Stlth   ++                       (no amulet)
HPRegen 0.27/turn                m - +6 ring of dexterity
MPRegen 0.10/turn                E - ring of flight

@: lethally poisoned (-8 -> -21), flying, repel missiles
A: demonic touch 1
a: no special abilities


You were on level 4 of the Dungeon.
You visited 1 branch of the dungeon, and saw 4 of its levels.

You collected 172 gold pieces.

Inventory:

Hand Weapons
 a - a +0 shortbow (weapon)
 e - a +2 quarterstaff of chaos
 y - a +0 dagger of draining
Missiles
 i - 8 javelins
 C - a throwing net
Armour
 c - a +0 leather armour (worn)
 j - a +0 plate armour
 n - a +0 cloak
 r - a +0 kite shield
 t - a +0 helmet (worn)
 v - an orb of wrath
 z - a scarf of repulsion (worn)
Jewellery
 m - a +6 ring of dexterity (left hand)
 w - a ring of wizardry
 E - a ring of flight (right hand)
Scrolls
 b - a scroll of immolation
 d - a scroll of magic mapping {unknown}
 g - 3 scrolls of identify {unknown}
 h - a scroll of butterflies {unknown}
 l - 2 scrolls of enchant weapon {unknown}
 u - a scroll of teleportation {unknown}
 x - a scroll of vulnerability {unknown}
 A - a scroll of fog {unknown}
 B - a scroll of poison {unknown}
 D - a scroll of fear {unknown}
Potions
 f - a potion of resistance {unknown}
 k - a potion of curing
 o - a potion of might {unknown}
 p - 2 potions of attraction {unknown}
 q - 2 potions of ambrosia {unknown}
 s - 2 potions of lignification {unknown}


   Skills:
 + Level 3.0 Fighting
 + Level 6.4 Ranged Weapons
 + Level 1.3 Armour
 + Level 1.8 Dodging
 + Level 1.0 Stealth


You had 5 spell levels left.
You didn't know any spells.
Your spell library contained the following spells:

 Spells                   Type           Power      Damage    Failure   Level
 Summon Lightning Spire   Summ/Air       0%         N/A       99%         4
 Storm Form               Tmut/Air       0%         N/A       100%        7
 Maxwell's Capacitive Co  Air            0%         ∞         100%        8


Dungeon Overview and Level Annotations

Branches:
Dungeon (4/15)
 Temple: D:4-7

Altars:
Makhleb

Shops:
D:3 (


Innate Abilities, Weirdness & Mutations

Your touch may inflict minor irresistible damage on your foes.


Message History

The jackal barely misses you. The jackal bites you.
You shoot an arrow. The arrow hits the jackal!
You kill the jackal!
The jackal closely misses you.
You shoot an arrow. The arrow hits the jackal.
You kill the jackal!
No target in view!
No target in view!
No target in view!
No target in view!
Things that are here:
a jackal corpse; a jackal corpse
Found a stone staircase leading down.
A scorpion comes into view.
You shoot an arrow. The arrow hits the scorpion!
The scorpion is heavily wounded.
You hear a shout!
An orc warrior comes into view. It is wielding a +0 dire flail.
You shoot an arrow.
The arrow hits the orc warrior but does no damage.
You shoot an arrow.
The arrow hits the orc warrior but does no damage.
You shoot an arrow.
The arrow hits the orc warrior but does no damage.
You shoot an arrow. The arrow hits the scorpion.
The scorpion is severely wounded.
The orc warrior hits you with a +0 dire flail!!
The scorpion stings you.
You are poisoned.
The scorpion poisons you!
You shoot an arrow. The arrow closely misses the scorpion.
You feel very sick.
The orc warrior hits you with a +0 dire flail!
* * * LOW HITPOINT WARNING * * *
The scorpion stings you.
* * * LOW HITPOINT WARNING * * *
You are lethally poisoned!
The scorpion poisons you!
The orc warrior hits you with a +0 dire flail!
You die...

# ##....# #
##...## ##
##...## .##
##...# ..##
##..##
...##
##..##
#...##
##..##
##...##
#...##
#....##
##..@#
##...)##
#..os.# #
#.....###
##.....#
###†......#
#.......#
...........
#.........
...........
..........
###########
##########


You could see an orc warrior and a scorpion.

Vanquished Creatures
  A phantom (D:4)
  An orc priest (D:4)
  A hound (D:3)
  Crazy Yiuf (D:3)
  3 iguanas
  3 gnolls (D:4)
  An adder (D:3)
  A worm (D:4)
  A dart slug (D:2)
  5 orcs
  5 ball pythons
  6 bats
  7 endoplasms
  2 giant cockroaches
  5 hobgoblins
  8 jackals
  3 kobolds
  4 quokkas
  A frilled lizard (D:2)
  4 goblins
  3 rats
66 creatures vanquished.

Notes
Turn   | Place    | Note
-------+----------+-------------------------------------------
     0 | D:1      | xian the Demonspawn Hunter began the quest for the Orb.
     0 | D:1      | Reached XP level 1. HP: 16/16 MP: 1/1
   580 | D:1      | Reached skill level 4 in Ranged Weapons
   580 | D:1      | Gained mutation: Your touch may inflict minor irresistible
                  | damage on your foes. [demonic ancestry]
   580 | D:1      | Reached XP level 2. HP: 19/22 MP: 2/2
  1396 | D:2      | Reached XP level 3. HP: 27/27 MP: 3/3
  1930 | D:3      | Found Heddio's Antique Weapon Emporium.
  2014 | D:3      | Reached skill level 1 in Stealth
  2089 | D:3      | Reached XP level 4. HP: 34/34 MP: 4/4
  2182 | D:3      | Found a burning altar of Makhleb.
  2284 | D:3      | Reached skill level 5 in Ranged Weapons
  2361 | D:3      | Found a runed translucent door.
  2362 | D:3      | Noticed Crazy Yiuf
  2374 | D:3      | Killed Crazy Yiuf
  2476 | D:3      | Reached skill level 1 in Armour
  2476 | D:3      | Reached XP level 5. HP: 39/39 MP: 5/5
  3103 | D:4      | Noticed a phantom
  3116 | D:4      | Killed a phantom
  3117 | D:4      | Reached skill level 6 in Ranged Weapons
  3117 | D:4      | Reached XP level 6. HP: 34/46 MP: 6/6
  3566 | D:4      | Noticed an orc warrior
  3571 | D:4      | Mangled by an orc warrior

Illustrated notes

Levels and vault maps discovered:
D:1:      matt_arrival_spirals, layout_basic
D:2:      layout_basic
D:3:      layout_loops_ring, mainiacjoe_overflow_boulevard, serial_shops,
          nicolae_shop_overgrown_old_shop, uniq_crazy_yiuf_cottage
D:4:      minmay_thick_lines, layout_basic

Skill      XL: |  1  2  3  4  5  6 |
---------------+-------------------+-----
Ranged Weapons | 4 5 6 |  6.4
Stealth        | 1 |  1.0
Armour         | 1 |  1.3
Fighting       | 3 |  3.0
Dodging        | |  1.8

Action                     |  1- 3 |  4- 6 || total
---------------------------+-------+-------++-------
  Melee: Dagger            |       |     8 ||     8
         Touch             |       |     1 ||     1
   Fire: Shortbow          |    80 |   123 ||   203
 Armour: Leather armour    |    10 |    12 ||    22
  Dodge: Dodged            |    22 |    36 ||    58

Table legend: (Time is in decaauts)
 A = Elapsed time spent in this place.
 B = Non-inter-level travel time spent in this place.
 C = Inter-level travel time spent in this place.
 D = Time resting spent in this place.
 E = Time spent auto-exploring this place.
 F = Levels seen in this place.
 G = Mean time per level.
                   A        B        C        D        E       F      G
               +--------+--------+--------+--------+--------+-----+--------+
         Total |   3624 |   3489 |    135 |    123 |   2803 |   4 |  906.0 |
       Dungeon |   3624 |   3489 |    135 |    123 |   2803 |   4 |  906.0 |
               +--------+--------+--------+--------+--------+-----+--------+

Top non-repeatable levels by time:
     D:1: 1158 daAuts
     D:3: 976 daAuts
     D:2: 791 daAuts
     D:4: 698 daAuts
